TOP OF THE 1ST |
Detroit Dirty Snow batting - Pitching for State College Spikes : RHP Bill Hendricks
|
Pitching: RHP Bill Hendricks
|
|
Batting: SHB Cristián López
|
0-0: Foul Ball, location: 2F 0-1: Foul Ball, location: 2F 0-2: Foul Ball, location: 2F 0-2: Ball 1-2: Strikes out swinging
|
Batting: RHB Cristo Souza
|
0-0: Swinging Strike 0-1: Swinging Strike 0-2: Ball 1-2: Strikes out looking
|
Batting: LHB Félix Costa
|
0-0: Swinging Strike 0-1: Foul Ball, location: 2F 0-2: Strikes out swinging
|
Top of the 1st over - 0 run(s), 0 hit(s), 0 error(s), 0 left on base; Detroit 0 - State College 0 |
BOTTOM OF THE 1ST |
State College Spikes batting - Pitching for Detroit Dirty Snow : RHP Javier Moreno
|
Pitching: RHP Javier Moreno
|
|
Batting: RHB Matt Tucker
|
0-0: Called Strike 0-1: Foul Ball, location: 2F 0-2: Ground out 4-3 (Groundball, 4)
|
Batting: RHB Pedro Echevarría
|
0-0: Ball 1-0: Ball 2-0: Ball 3-0: Called Strike 3-1: Foul Ball, location: 2F 3-2: Strikes out swinging
|
Batting: RHB Scott Lee
|
0-0: Ball 1-0: Foul Ball, location: 2F 1-1: TRIPLE (Line Drive, 89XD)
|
Batting: RHB Joe Salas
|
0-0: Ball 1-0: Called Strike 1-1: Swinging Strike 1-2: Strikes out swinging
|
Bottom of the 1st over - 0 run(s), 1 hit(s), 0 error(s), 1 left on base; Detroit 0 - State College 0 |
TOP OF THE 2ND |
Detroit Dirty Snow batting - Pitching for State College Spikes : RHP Bill Hendricks
|
Batting: RHB Carlos Rocha
|
0-0: Ball 1-0: Ball 2-0: Called Strike 2-1: Ball 3-1: Base on Balls
|
Batting: RHB Gary Wyatt
|
0-0: Foul Ball, location: 2F 0-1: Foul Ball, location: 2F 0-2: Ball 1-2: Ball 2-2: Ball 3-2: Fly out, F3 (Popup, 34S)
|
Batting: RHB Charlie O'Farrell
|
0-0: Called Strike 0-1: SINGLE (Line Drive, 4MD) Carlos Rocha to second
|
Batting: SHB Alan Garland
|
0-0: Ball 1-0: Called Strike 1-1: Foul Ball, location: 2F 1-2: Strikes out swinging
|
Batting: SHB Víctor Torres
|
0-0: Foul Ball, location: 2F 0-1: Ball 1-1: Foul Ball, location: 2F 1-2: Foul Ball, location: 2F 1-2: Ball 2-2: Strikes out swinging
|
Top of the 2nd over - 0 run(s), 1 hit(s), 0 error(s), 2 left on base; Detroit 0 - State College 0 |
BOTTOM OF THE 2ND |
State College Spikes batting - Pitching for Detroit Dirty Snow : RHP Javier Moreno
|
Batting: LHB Robin Jamieson
|
0-0: Ball 1-0: Ball 2-0: Swinging Strike 2-1: Called Strike 2-2: Strikes out looking
|
Batting: LHB Burt Ward
|
0-0: Ball 1-0: Ball 2-0: Ground out 6-3 (Groundball, 6)
|
Batting: RHB Diego Benítez
|
0-0: Ball 1-0: Ball 2-0: Foul Ball, location: 2F 2-1: SINGLE (Flyball, 8LS)
|
Batting: RHB Daniel Martínez
|
0-0: Called Strike 0-1: Ball 1-1: Fielders Choice at 2nd, 6-4 (Groundball, 6)
|
Bottom of the 2nd over - 0 run(s), 1 hit(s), 0 error(s), 0 left on base; Detroit 0 - State College 0 |
TOP OF THE 3RD |
Detroit Dirty Snow batting - Pitching for State College Spikes : RHP Bill Hendricks
|
Batting: RHB Kelsey Scott
|
0-0: Ball 1-0: Foul Ball, location: 2F 1-1: Called Strike 1-2: Fly out, F8 (Flyball, 8RM)
|
Batting: SHB Cristián López
|
0-0: Ball 1-0: Foul Ball, location: 2F 1-1: Foul Ball, location: 2F 1-2: Ball 2-2: Ground out 3-1 (Groundball, 34S)
|
Batting: RHB Cristo Souza
|
0-0: Ball 1-0: Called Strike 1-1: Swinging Strike 1-2: Ball 2-2: Ball 3-2: Fly out, F6 (Line Drive, 6M)
|
Top of the 3rd over - 0 run(s), 0 hit(s), 0 error(s), 0 left on base; Detroit 0 - State College 0 |
BOTTOM OF THE 3RD |
State College Spikes batting - Pitching for Detroit Dirty Snow : RHP Javier Moreno
|
Batting: RHB José Maldonado
|
0-0: Foul Ball, location: 2F 0-1: Ground out 5-3 (Groundball, 56)
|
Batting: RHB Matt Tucker
|
0-0: Bunted foul 0-1: Called Strike 0-2: Ball 1-2: SINGLE (Groundball, 4MD)
|
Batting: RHB Pedro Echevarría
|
0-0: Swinging Strike 0-1: Called Strike Matt Tucker is caught stealing 2nd base 0-2: Strikes out swinging
|
Bottom of the 3rd over - 0 run(s), 1 hit(s), 0 error(s), 0 left on base; Detroit 0 - State College 0 |
TOP OF THE 4TH |
Detroit Dirty Snow batting - Pitching for State College Spikes : RHP Bill Hendricks
|
Batting: LHB Félix Costa
|
0-0: Foul Ball, location: 2F 0-1: Swinging Strike 0-2: Ball 1-2: Strikes out looking
|
Batting: RHB Carlos Rocha
|
0-0: Ground out 6-3 (Groundball, 6)
|
Batting: RHB Gary Wyatt
|
0-0: Called Strike 0-1: Ball 1-1: Foul Ball, location: 2F 1-2: Strikes out swinging, 2-3 out at first.
|
Top of the 4th over - 0 run(s), 0 hit(s), 0 error(s), 0 left on base; Detroit 0 - State College 0 |
BOTTOM OF THE 4TH |
State College Spikes batting - Pitching for Detroit Dirty Snow : RHP Javier Moreno
|
Batting: RHB Scott Lee
|
0-0: Foul Ball, location: 2F 0-1: Called Strike 0-2: Fly out, F8 (Flyball, 89M)
|
Batting: RHB Joe Salas
|
0-0: Swinging Strike 0-1: Called Strike 0-2: Ball 1-2: Foul Ball, location: 2F 1-2: Ball 2-2: Ball 3-2: Foul Ball, location: 2F 3-2: Fly out, F1 (Line Drive, 13)
|
Batting: LHB Robin Jamieson
|
0-0: Ball 1-0: Ball 2-0: Ground out 4-3 (Groundball, 4)
|
Bottom of the 4th over - 0 run(s), 0 hit(s), 0 error(s), 0 left on base; Detroit 0 - State College 0 |
TOP OF THE 5TH |
Detroit Dirty Snow batting - Pitching for State College Spikes : RHP Bill Hendricks
|
Batting: RHB Charlie O'Farrell
|
0-0: Ball 1-0: Called Strike 1-1: Ball 2-1: SINGLE (Groundball, 6MD)
|
Batting: SHB Alan Garland
|
0-0: Ball 1-0: Fielders Choice at 2nd, 6-4 (Groundball, 6)
|
Batting: SHB Víctor Torres
|
0-0: Called Strike 0-1: Foul Ball, location: 2F 0-2: Strikes out swinging
|
Batting: RHB Kelsey Scott
|
0-0: Called Strike 0-1: Ball 1-1: Ball 2-1: Foul Ball, location: 2F 2-2: Strikes out swinging, 2-3 out at first.
|
Top of the 5th over - 0 run(s), 1 hit(s), 0 error(s), 1 left on base; Detroit 0 - State College 0 |
BOTTOM OF THE 5TH |
State College Spikes batting - Pitching for Detroit Dirty Snow : RHP Javier Moreno
|
Batting: LHB Burt Ward
|
0-0: Called Strike 0-1: Swinging Strike 0-2: Strikes out looking
|
Batting: RHB Diego Benítez
|
0-0: Ball 1-0: Swinging Strike 1-1: Ball 2-1: Foul Ball, location: 2F 2-2: Foul Ball, location: 2F 2-2: Foul Ball, location: 2F 2-2: Foul Ball, location: 2F 2-2: Foul Ball, location: 2F 2-2: Fly out, F6 (Popup, 56)
|
Batting: RHB Daniel Martínez
|
0-0: Foul Ball, location: 2F 0-1: Foul Ball, location: 2F 0-2: Ball 1-2: Ball 2-2: Foul Ball, location: 2F 2-2: Ground out 4-3 (Groundball, 4)
|
Bottom of the 5th over - 0 run(s), 0 hit(s), 0 error(s), 0 left on base; Detroit 0 - State College 0 |
TOP OF THE 6TH |
Detroit Dirty Snow batting - Pitching for State College Spikes : RHP Bill Hendricks
|
Batting: SHB Cristián López
|
0-0: Ground out 4-3 (Groundball, 34)
|
Batting: RHB Cristo Souza
|
0-0: Foul Ball, location: 2F 0-1: Ball 1-1: Ball 2-1: Ball 3-1: Base on Balls
|
Batting: LHB Félix Costa
|
0-0: Ball 1-0: Fly out, F7 (Flyball, 7S)
|
Batting: RHB Carlos Rocha
|
0-0: Called Strike 0-1: Ball 1-1: Foul Ball, location: 2F 1-2: Ball 2-2: SINGLE (Groundball, 34D) Cristo Souza to second
|
Pitching: RHP Albert Scott
|
|
Batting: RHB Gary Wyatt
|
0-0: Foul Ball, location: 2F 0-1: Foul Ball, location: 2F 0-2: Strikes out swinging
|
Top of the 6th over - 0 run(s), 1 hit(s), 0 error(s), 2 left on base; Detroit 0 - State College 0 |
BOTTOM OF THE 6TH |
State College Spikes batting - Pitching for Detroit Dirty Snow : RHP Javier Moreno
|
Batting: RHB José Maldonado
|
0-0: Ball 1-0: Ball 2-0: Ground out 6-3 (Groundball, 6)
|
Batting: RHB Matt Tucker
|
0-0: Ball 1-0: Foul Ball, location: 2F 1-1: Ground out 1-3 (Groundball, 13S)
|
Batting: RHB Pedro Echevarría
|
0-0: Ball 1-0: Called Strike 1-1: Ball 2-1: Ground out 5-3 (Groundball, 56)
|
Bottom of the 6th over - 0 run(s), 0 hit(s), 0 error(s), 0 left on base; Detroit 0 - State College 0 |
TOP OF THE 7TH |
Detroit Dirty Snow batting - Pitching for State College Spikes : RHP Albert Scott
|
Batting: RHB Charlie O'Farrell
|
0-0: Ball 1-0: Ball 2-0: Called Strike 2-1: Fly out, F5 (Popup, 5L)
|
Batting: SHB Alan Garland
|
0-0: Ball 1-0: Foul Ball, location: 2F 1-1: Ball 2-1: Ball 3-1: Base on Balls
|
Batting: SHB Víctor Torres
|
0-0: Ball Alan Garland is caught stealing 2nd base 1-0: Called Strike 1-1: Ball 2-1: Foul Ball, location: 2F 2-2: Ball 3-2: Ground out 3-1 (Groundball, 34)
|
Top of the 7th over - 0 run(s), 0 hit(s), 0 error(s), 0 left on base; Detroit 0 - State College 0 |
BOTTOM OF THE 7TH |
State College Spikes batting - Pitching for Detroit Dirty Snow : RHP Javier Moreno
|
Pitching: RHP Benjamin Hutchison
|
|
Batting: RHB Scott Lee
|
0-0: Ball 1-0: Ball 2-0: Called Strike 2-1: Ground out 4-3 (Groundball, 34D)
|
Pinch Hitting: LHB Jorge Luna
|
0-0: Called Strike 0-1: Swinging Strike 0-2: Strikes out swinging
|
Batting: LHB Robin Jamieson
|
0-0: Foul Ball, location: 2F 0-1: Called Strike 0-2: Foul Ball, location: 2F 0-2: Ball 1-2: Ball 2-2: Fly out, F6 (Flyball, 56D)
|
Bottom of the 7th over - 0 run(s), 0 hit(s), 0 error(s), 0 left on base; Detroit 0 - State College 0 |
TOP OF THE 8TH |
Detroit Dirty Snow batting - Pitching for State College Spikes : RHP Albert Scott
|
Now at 1B: Jorge Luna
|
|
Batting: RHB Kelsey Scott
|
0-0: Called Strike 0-1: Ball 1-1: Fly out, F9 (Flyball, 89M)
|
Batting: SHB Cristián López
|
0-0: Fly out, F7 (Line Drive, 78M)
|
Batting: RHB Cristo Souza
|
0-0: Ball 1-0: Called Strike 1-1: Foul Ball, location: 2F 1-2: Strikes out looking
|
Top of the 8th over - 0 run(s), 0 hit(s), 0 error(s), 0 left on base; Detroit 0 - State College 0 |
BOTTOM OF THE 8TH |
State College Spikes batting - Pitching for Detroit Dirty Snow : RHP Benjamin Hutchison
|
Batting: LHB Burt Ward
|
0-0: Called Strike 0-1: Fly out, F8 (Flyball, 8LS)
|
Batting: RHB Diego Benítez
|
0-0: Swinging Strike 0-1: Ball 1-1: Called Strike 1-2: Strikes out looking
|
Batting: RHB Daniel Martínez
|
0-0: Ball 1-0: Ball 2-0: Called Strike 2-1: Ball 3-1: Swinging Strike 3-2: Foul Ball, location: 2F 3-2: Fly out, F8 (Flyball, 8RD)
|
Bottom of the 8th over - 0 run(s), 0 hit(s), 0 error(s), 0 left on base; Detroit 0 - State College 0 |
TOP OF THE 9TH |
Detroit Dirty Snow batting - Pitching for State College Spikes : RHP Albert Scott
|
Pitching: LHP Michael Stewart
|
|
Batting: LHB Félix Costa
|
0-0: Foul Ball, location: 2F 0-1: Called Strike 0-2: Fly out, F7 (Flyball, 7S)
|
Batting: RHB Carlos Rocha
|
0-0: Ball 1-0: Called Strike 1-1: Ball 2-1: Ball 3-1: Fly out, F8 (Flyball, 78D)
|
Batting: RHB Gary Wyatt
|
0-0: Ball 1-0: Called Strike 1-1: Foul Ball, location: 2F 1-2: SOLO HOME RUN (Line Drive, 89XD), Distance : 421 ft
|
Batting: RHB Charlie O'Farrell
|
0-0: Ball 1-0: Called Strike 1-1: Ball 2-1: Foul Ball, location: 2F 2-2: Foul Ball, location: 2F 2-2: Foul Ball, location: 2F 2-2: Strikes out looking
|
Top of the 9th over - 1 run(s), 1 hit(s), 0 error(s), 0 left on base; Detroit 1 - State College 0 |
BOTTOM OF THE 9TH |
State College Spikes batting - Pitching for Detroit Dirty Snow : RHP Benjamin Hutchison
|
Pinch Hitting: RHB Millard Walker
|
0-0: SINGLE (Groundball, 4MD)
|
Pinch Runner at 1st Norberto Márquez:
|
|
Batting: RHB Matt Tucker
|
0-0: Sac Bunt - play at first, batter OUT! U3 Norberto Márquez to second
|
Batting: RHB Pedro Echevarría
|
0-0: Called Strike 0-1: Called Strike 0-2: Ball Passed Ball! Norberto Márquez to third 1-2: Ball 2-2: Ground out U3 (Groundball, 3)
|
Batting: RHB Scott Lee
|
0-0: SINGLE (Line Drive, 89S) Norberto Márquez scores
|
Pinch Runner at 1st Julián Garza:
|
|
Batting: LHB Jorge Luna
|
0-0: SINGLE (Groundball, 4D) Julián Garza to second Runner from 2nd tries for 3rd, SAFE, throw made to third
|
Batting: LHB Robin Jamieson
|
0-0: Ball 1-0: Ball 2-0: Ball 3-0: Called Strike 3-1: SINGLE (Groundball, 34D) Julián Garza scores
|
Tuesday, August 8th, 2017 - OOTP Baseball 17.12 Build 75
|
|